 Dungeon Crawl Stone Soup version 0.29-a0-802-g34511f41fd (webtiles) character file.

Game seed: 11163987923198988808

34 Pooter the Sneak (level 3, 0/25 HPs)
             Began as a Gnoll Enchanter on July 4, 2022.
             Slain by a gnoll
             ... wielding a +0 whip
              (7 damage)
             ... on level 2 of the Dungeon.
             The game lasted 00:08:14 (1344 turns).

Pooter the Sneak (Gnoll Enchanter)                  Turns: 1344, Time: 00:08:15

Health: 0/25       AC:  2    Str:  7    XL:     3   Next: 31%
Magic:  7/9        EV: 13    Int: 16    God:
Gold:   33         SH:  0    Dex: 12    Spells: 7/12 levels left

rFire   . . .      SeeInvis .   i - +0 great sword
rCold   . . .      Faith    .   (shield currently unavailable)
rNeg    . . .      Spirit   .   b - +0 robe
rPois   .          Reflect  .   (no helmet)
rElec   .          Harm     .   (no cloak)
rCorr   .          Rampage  .   (no gloves)
Will    .....                   (no boots)
Stlth   +++.......              (no amulet)
HPRegen 0.08/turn               (no ring)
MPRegen 0.11/turn               (no ring)

@: no status effects
A: fangs 1, strong nose, distributed training
a: no special abilities


You were on level 2 of the Dungeon.
You visited 1 branch of the dungeon, and saw 2 of its levels.

You collected 33 gold pieces.

Inventory:

Hand Weapons
 a - a +1 dagger
 i - a +0 great sword (weapon)
   (You found it on level 2 of the Dungeon)
Missiles
 Q - 5 stones (quivered)
Armour
 b - a +0 robe (worn)
Scrolls
 f - a scroll of enchant armour {unknown}
 h - a scroll of magic mapping {unknown}
 j - a scroll of brand weapon {unknown}
Potions
 c - 2 potions of invisibility
 d - a potion of attraction {unknown}
 e - a potion of lignification {unknown}
 g - a potion of ambrosia {unknown}
 k - a potion of cancellation {unknown}


   Skills:
 + Level 0.8 Fighting
 + Level 2.6 Short Blades
 + Level 0.8 Long Blades
 + Level 0.8 Axes
 + Level 0.8 Maces & Flails
 + Level 0.8 Polearms
 + Level 0.8 Staves
 + Level 0.8 Ranged Weapons
 + Level 0.8 Throwing
 + Level 0.8 Armour
 + Level 4.5 Dodging
 + Level 6.0 Stealth
 + Level 0.8 Shields
 + Level 0.8 Unarmed Combat
 + Level 5.0 Spellcasting
 + Level 0.5 Conjurations
 + Level 5.4 Hexes
 + Level 0.5 Summonings
 + Level 0.5 Necromancy
 + Level 0.5 Translocations
 + Level 0.5 Transmutations
 + Level 0.5 Fire Magic
 + Level 0.5 Ice Magic
 + Level 0.5 Air Magic
 + Level 0.5 Earth Magic
 + Level 0.5 Poison Magic
 + Level 1.0 Invocations
 + Level 0.8 Evocations


You had 7 spell levels left.
You knew the following spells:

 Your Spells              Type           Power      Damage    Failure   Level
a - Magic Dart            Conj           20%        1d4       12%         1
b - Ensorcelled Hibernat  Hex/Ice        26%        N/A       7%          2
c - Call Imp              Summ           5%         N/A       19%         2

Your spell library contained the following spells:

 Spells                   Type           Power      Damage    Failure   Level
 Confusing Touch          Hex            21%        N/A       4%          3
 Tukima's Dance           Hex            21%        N/A       4%          3
 Dazzling Flash           Conj/Hex       26%        N/A       13%         3
 Mephitic Cloud           Conj/Pois/Air  5%         N/A       34%         3


Dungeon Overview and Level Annotations

Branches:
Dungeon (2/15)

Altars:

Shops:
D:1 [


Innate Abilities, Weirdness & Mutations

You have very sharp teeth.
Your uncanny sense of smell can sniff out nearby items.
Your experience applies equally to all skills.


Message History

You slice the bat!!
You kill the bat!
Your Spellcasting skill increases to level 5!
You have reached level 3!
Your experience leads to an increase in your attributes!
Increase (s)trength, (i)ntelligence, or (d)exterity?
You feel clever. x2
k - a viscous yellow potion You see here a bat corpse.
You open the door.
There is an open door here.
Found 8 gold pieces.
You now have 33 gold pieces (gained 8).
Done exploring.
There is an open door here.
You open the door.
There is an open door here.
There is a stone staircase leading down here.
You climb downwards.
There is a stone staircase leading up here.
A gnoll comes into view. It is wielding a +0 club.
The helpless gnoll fails to defend itself.
You hit the gnoll. You bite the gnoll, but do no damage.
The gnoll barely misses you. x2
You slash the gnoll!
You kill the gnoll!
A gnoll comes into view. It is wielding a +0 whip.
Your Stealth skill increases to level 6!
Your Invocations skill increases to level 1!
You barely miss the gnoll.
The gnoll shouts!
You bite the gnoll, but do no damage.
You hear a shout!
The gnoll closely misses you.
You hit the gnoll.
A gnoll comes into view. It is wielding a +0 whip.
The gnoll hits you with a +0 whip. x2
You closely miss the gnoll. The gnoll hits you with a +0 whip. x2
You hit the gnoll. Your bite misses the gnoll. The gnoll misses you.
Unknown command.
You barely miss the gnoll. The gnoll hits you with a +0 whip.
* * * LOW HITPOINT WARNING * * *
The gnoll hits you with a +0 whip.
* * * LOW HITPOINT WARNING * * *
Unknown command.
Unknown command.
Aim: a gnoll, wielding a +0 whip (heavily wounded, chance to affect: 55%)
The gnoll resists with significant effort.
The gnoll hits you with a +0 whip!
You die...

###### ##+######
#....# #.......##
##....###........#
......†..........#
.....#........<.>#
####.#....######.#
...#.###### #@#
#....# #g# .....##
.g. ....... ...#.
....### ....#.#
##.## .....# # #
.# ####### # # #


You could see 2 gnolls.

Vanquished Creatures
  A gnoll (D:2)
  2 dart slugs
  2 ball pythons (D:1)
  An endoplasm (D:1)
  A giant cockroach (D:1)
  2 goblins (D:1)
  3 hobgoblins (D:1)
  A quokka (D:1)
  3 bats
  2 frilled lizards (D:2)
  A rat (D:1)
19 creatures vanquished.

Notes
Turn   | Place    | Note
-------+----------+-------------------------------------------
     0 | D:1      | Pooter the Gnoll Enchanter began the quest for the Orb.
     0 | D:1      | Reached XP level 1. HP: 13/13 MP: 6/6
     1 | D:1      | Noticed an octopode
     3 | D:1      | Noticed a spriggan
     5 | D:1      | Noticed a dwarf
     6 | D:1      | Noticed an ogre
     9 | D:1      | Noticed a demonspawn
    13 | D:1      | Learned a level 1 spell: Magic Dart
    14 | D:1      | Noticed a merfolk zombie
    18 | D:1      | Noticed a troll
    20 | D:1      | Noticed a formicid
    24 | D:1      | Noticed a gargoyle
   355 | D:1      | Reached XP level 2. HP: 19/19 MP: 7/7
   358 | D:1      | Learned a level 2 spell: Ensorcelled Hibernation
   401 | D:1      | Learned a level 2 spell: Call Imp
   528 | D:1      | Found a faded altar of an unknown god.
   778 | D:1      | Found Ohocuredd's Armour Boutique.
   882 | D:1      | You fall into a shaft and drop 1 floor!
  1224 | D:1      | Reached skill level 5 in Spellcasting
  1224 | D:1      | Reached XP level 3. HP: 25/25 MP: 2/9
  1339 | D:2      | Reached skill level 6 in Stealth
  1339 | D:2      | Reached skill level 1 in Invocations
  1344 | D:2      | Slain by a gnoll

Illustrated notes

Levels and vault maps discovered:
D:1:      shiori_arrival_whats_in_store_for_you, layout_loops_corners,
          dreamdust_ecumenical_altar_grove, serial_shops, shop, minmay_bisected
D:2:      layout_basic, kennysheep_pointless_box

Skill      XL: |  1  2  3 |
---------------+----------+-----
Spellcasting   | 5 |  5.0
Stealth        | 6 |  6.0
Invocations    | 1 |  1.0
Fighting       | |  0.8
Short Blades   | |  2.6
Long Blades    | |  0.8
Axes           | |  0.8
Maces & Flails | |  0.8
Polearms       | |  0.8
Staves         | |  0.8
Ranged Weapons | |  0.8
Throwing       | |  0.8
Armour         | |  0.8
Dodging        | |  4.5
Shields        | |  0.8
Unarmed Combat | |  0.8
Conjurations   | |  0.5
Hexes          | |  5.4
Summonings     | |  0.5
Necromancy     | |  0.5
Translocations | |  0.5
Transmutations | |  0.5
Fire Magic     | |  0.5
Ice Magic      | |  0.5
Air Magic      | |  0.5
Earth Magic    | |  0.5
Poison Magic   | |  0.5
Evocations     | |  0.8

Action                   || total
-------------------------++-------
Melee: Dagger            ||    18
       Bite              ||     5
       Great sword       ||    38
 Cast: Magic Dart        ||    22
       Ensorcelled Hiber ||     5
 Stab: Sleeping          ||    12
Armor: Robe              ||    15
Dodge: Dodged            ||    52

Table legend: (Time is in decaauts)
 A = Elapsed time spent in this place.
 B = Non-inter-level travel time spent in this place.
 C = Inter-level travel time spent in this place.
 D = Time resting spent in this place.
 E = Time spent auto-exploring this place.
 F = Levels seen in this place.
 G = Mean time per level.
                   A        B        C        D        E       F      G
               +--------+--------+--------+--------+--------+-----+--------+
         Total |   1367 |   1338 |     29 |    258 |    819 |   2 |  683.5 |
       Dungeon |   1367 |   1338 |     29 |    258 |    819 |   2 |  683.5 |
               +--------+--------+--------+--------+--------+-----+--------+

Top non-repeatable levels by time:
     D:1: 1139 daAuts
     D:2: 228 daAuts
